Map: Scythe of Amon

Players

RyuKey

  • Race: Protoss Protoss
  • League: Diamond
  • Spawn Location: 5:00

DROFPOF

  • Race: Terran Terran
  • League: Gold
  • Spawn Location: 5:00

VOD

Have the link to the VOD?

Description

Time

  • Played on: June 16, 2020, 11:21 a.m.
  • Length: 23:13
Show
View Real Time Build Order
Export as new Build Order

RyuKey Protoss 

Build Orders:  

Get SALT Encoding   

  12  0:03  Probe (Chrono Boost)  
  13  0:17  Probe (Chrono Boost)  
  14  0:27  Pylon  
  14  0:31  Probe (Chrono Boost)  
  15  0:52  Probe (Chrono Boost)  
  16  1:02  Gateway  
  16  1:05  Assimilator, Probe (Chrono Boost)  
  17  1:17  Assimilator  
  17  1:19  Probe (Chrono Boost)  
  18  1:33  Probe (Chrono Boost)  
  18  1:39  Pylon  
  19  1:47  Probe (Chrono Boost)  
  20  2:01  Probe (Chrono Boost)  
  20  2:08  Cybernetics Core  
  21  2:15  Probe (Chrono Boost)  
  22  2:29  Probe (Chrono Boost)  
  23  2:31  Gateway  
  23  2:44  Probe (Chrono Boost)  
  24  2:58  Pylon, Probe (Chrono Boost)  
  25  3:01  Dragoon  
  27  3:12  Probe (Chrono Boost)  
  27  3:17  Dragoon  
  30  3:27  Dragoon  
  32  3:43  Zealot  
  32  4:03  Dragoon  
  34  4:28  Dragoon x2  
  38  4:37  Twilight Council  
  38  4:39  Probe (Chrono Boost)  
  39  5:03  Pylon  
  39  5:04  Pylon  
  39  5:24  Forge, Singularity Charge  
  39  5:26  Forge  
  39  5:29  Probe (Chrono Boost)  
  40  5:46  Probe (Chrono Boost)  
  41  6:01  Dragoon x3  
  47  6:10  Protoss Ground Weapons Level 1  
  47  6:12  Protoss Ground Armor Level 1  
  45  6:57  Dragoon x4  
  51  7:27  Trillic Compresion Mesh  
  49  7:37  Dragoon x2  
  49  7:38  Dragoon  
  55  7:56  Pylon  
  51  8:45  Dragoon x4  
  59  9:08  Protoss Ground Weapons Level 2  
  59  9:39  Zealot x2  
  59  10:04  Protoss Ground Armor Level 2  
  59  10:13  Dragoon  
  59  10:14  Dragoon x2  
  63  10:23  Pylon  
  63  10:25  Pylon  
  63  10:33  Pylon x2  
  64  10:51  Probe (Chrono Boost)  
  64  11:09  Dragoon x3  
  70  11:27  Nexus  
  71  11:32  Probe (Chrono Boost)  
  71  11:44  Whirlwind  
  71  12:16  Pylon  
  71  12:21  Pylon  
  71  12:25  Pylon  
  72  12:30  Probe (Chrono Boost)  
  72  12:48  Probe (Chrono Boost)  
  73  12:59  Assimilator, Photon Cannon  
  73  13:02  Assimilator  
  73  13:05  Photon Cannon, Probe (Chrono Boost)  
  74  13:13  Probe (Chrono Boost)  
  75  13:22  Probe (Chrono Boost)  
  75  13:28  Dragoon  
  74  14:34  Photon Cannon  
  74  14:39  Photon Cannon  
  74  14:41  Dragoon  
  74  14:42  Dragoon x5  
  74  14:44  Photon Cannon  
  84  15:30  Dragoon  
  84  15:31  Dragoon  
  88  15:48  Gateway  
  88  15:49  Protoss Ground Weapons Level 3  
  88  15:51  Gateway  
  88  15:56  Gateway  
  88  15:57  Gateway  
  88  15:59  Gateway x2  
  88  16:02  Probe (Chrono Boost)  
  88  16:06  Probe (Chrono Boost)  
  88  16:13  Zealot x2  
  88  16:16  Probe (Chrono Boost)  
  87  17:10  Dragoon x2  
  87  17:11  Dragoon x7  
  101  18:07  Dragoon x5  
  101  18:08  Dragoon x4  
  119  18:17  Probe (Chrono Boost)  
  121  18:20  Probe (Chrono Boost)  
  121  18:30  Pylon  
  121  18:31  Probe (Chrono Boost)  
  121  18:32  Pylon  
  121  18:37  Probe (Chrono Boost)  
  123  18:44  Probe (Chrono Boost)  
  124  19:01  Protoss Ground Armor Level 3  
  124  19:18  Charge  
  124  19:30  Robotics Facility  
  124  19:53  Dragoon x3  
  124  19:54  Dragoon x4  
  124  19:55  Dragoon  
  138  20:25  Photon Cannon  
  138  20:26  Photon Cannon  
  134  21:01  Zealot x8  
  150  21:15  Observer  
  150  21:16  Observer  
  148  21:40  Zealot  
  146  22:13  Templar Archives  
  124  22:42  Dragoon x3  
  124  22:43  Dragoon x7  
  124  22:44  Dragoon  
Show
View Real Time Build Order
Export as new Build Order

DROFPOF Terran 

Build Orders:  

Get SALT Encoding   

  12  0:02  SCV  
  13  0:16  SCV  
  14  0:25  Supply Depot  
  14  0:34  Refinery  
  14  0:39  SCV  
  15  0:50  Refinery  
  15  1:16  Factory  
  15  1:24  SCV  
  16  1:38  SCV  
  17  1:51  SCV  
  18  2:05  SCV  
  19  2:19  Starport  
  19  2:21  Factory Tech Lab  
  19  2:27  SCV  
  20  2:41  Supply Depot  
  20  2:50  Cyclone  
  23  3:15  Starport Tech Lab  
  23  3:20  SCV  
  23  3:22  Factory  
  24  3:31  Supply Depot  
  24  4:25  SCV  
  24  4:29  Factory Reactor  
  25  4:35  Cyclone  
  28  5:13  Supply Depot  
  28  5:14  Cyclone  
  31  5:27  Goliath x2  
  35  5:30  Science Vessel  
  37  6:03  Goliath  
  37  6:04  Goliath  
  37  6:07  Supply Depot  
  41  6:10  Siege Tank  
  44  7:01  Siege Tank  
  44  7:05  Supply Depot  
  44  7:06  Goliath  
  44  7:07  Goliath  
  51  7:34  Improved Nano-Repair  
  51  7:39  Supply Depot  
  51  7:41  Goliath  
  51  7:46  SCV  
  51  8:31  Science Vessel  
  51  8:33  SCV  
  51  8:37  Supply Depot  
  54  9:03  Goliath x2  
  58  9:10  Supply Depot  
  58  9:17  Armory  
  52  10:07  Supply Depot  
  52  10:08  Siege Tank  
  52  10:09  Goliath  
  57  10:10  Goliath  
  51  10:20  Siege Tank  
  51  10:23  Terran Vehicle and Ship Weapons Level 1  
  51  10:44  Targeting Optics  
  51  11:15  Siege Tank  
  51  11:17  Goliath  
  56  11:54  Command Center  
  56  12:22  Goliath x2  
  56  12:27  Science Vessel  
  62  12:44  SCV  
  63  12:57  SCV  
  64  13:11  SCV  
  64  13:12  Refinery  
  65  13:24  SCV  
  65  13:25  Terran Vehicle And Ship Armor Level 1  
  66  13:36  Armory  
  66  13:39  Refinery  
  66  14:27  Science Vessel  
  66  14:28  Siege Tank  
  66  14:29  Goliath  
  73  14:32  Goliath  
  73  14:37  SCV x2  
  73  14:38  Siege Tank x3  
  77  14:50  SCV  
  77  14:51  SCV  
  77  14:57  Siege Tank x3  
  79  15:04  SCV x2  
  81  15:18  SCV x2  
  79  15:31  SCV x2  
  79  15:35  Goliath  
  79  15:36  Goliath  
  85  15:45  SCV x2  
  87  15:57  Supply Depot  
  87  15:58  SCV  
  87  15:59  SCV  
  89  16:01  Terran Vehicle and Ship Weapons Level 2  
  89  16:12  SCV  
  89  16:13  SCV  
  88  16:25  SCV  
  88  16:26  SCV  
  90  16:31  Supply Depot  
  90  16:39  SCV, Siege Tank, Goliath x2  
  98  16:40  Science Vessel, SCV  
  99  17:07  Supply Depot  
  95  17:14  Goliath  
  95  17:15  Goliath  
  95  17:16  Siege Tank  
  102  17:22  SCV  
  103  17:31  SCV  
  103  17:38  Science Vessel  
  106  17:46  Goliath  
  106  17:47  Goliath  
  110  18:11  Siege Tank  
  110  18:18  Goliath x2  
  117  18:25  Supply Depot  
  117  18:32  Terran Vehicle And Ship Armor Level 2  
  117  18:58  Factory, Supply Depot  
  117  18:59  Factory  
  117  19:21  Science Vessel  
  117  19:28  Siege Tank x8  
  117  19:29  Goliath x2  
  114  20:07  Factory Reactor  
  114  20:08  Factory Reactor  
  114  20:10  Siege Tank  
  114  20:13  Goliath x2  
  119  20:37  Siege Tank x7  
  107  21:00  Goliath x3  
  107  21:01  Goliath x2  
  107  21:03  Goliath  
  119  21:12  Siege Tank x8  
  119  21:28  Science Vessel  
  121  21:35  Supply Depot  
  121  22:06  Supply Depot  
  121  22:08  Siege Tank x8  
  115  22:38  Supply Depot  
Tags
 
Add a new tag
Caveats
  • Supply blocks, unpowered buildings, or Contaminate may cause inaccurate times.
  • Supply counts are checked every 10 seconds.